 Dungeon Crawl Stone Soup version 0.22.0-36-g8e74550 (webtiles) character file.

34 Marcoleric the Caller (level 3, -1/19 HPs)
             Began as a Kobold Summoner on Aug 7, 2018.
             Slain by an adder (4 damage)
             ... in a sewer on Aug 24, 2018.
             The game lasted 00:15:52 (863 turns).

Marcoleric the Caller (Kobold Summoner)              Turns: 863, Time: 00:15:52

Health: -1/19      AC:  2    Str:  5    XL:     3   Next: 50%
Magic:  2/7        EV: 15    Int: 17    God:
Gold:   46         SH:  0    Dex: 15    Spells: 4/7 levels left

rFire    . . .     SeeInvis .   (weapon restricted)
rCold    . . .     Gourm    .   (shield restricted)
rNeg     . . .     Faith    .   a - +0 robe
rPois    .         Spirit   .   (no helmet)
rElec    .         Reflect  .   (no cloak)
rCorr    .         Harm     .   (no gloves)
MR       .....                  (no boots)
Stlth    +.........             (no amulet)
HPRegen  0.06/turn              (no ring)
MPRegen  0.10/turn              (no ring)

@: lethally poisoned (-1 -> -7), very slow
A: small, carnivore
a: no special abilities


You were in a sewer.
You were not hungry.

You visited 1 branch of the dungeon, and saw 4 of its levels.
You also visited: Sewer.

You collected 46 gold pieces.

Inventory:

Hand Weapons
 d - a +0 short sword
 e - a +0 dagger
 f - a +0 club
Missiles
 b - 18 arrows
Armour
 a - a +0 robe (worn)
Scrolls
 h - a scroll of teleportation {unknown}
 i - a scroll of identify {unknown}
 j - a scroll of magic mapping {unknown}
Potions
 g - a potion of might {unknown}
Comestibles
 c - 2 rations


   Skills:
 + Level 0.2 Fighting
 + Level 2.7 Dodging
 + Level 2.7 Stealth
 + Level 2.8 Spellcasting
 + Level 4.5 Summonings


You had 4 spell levels left.
You knew the following spells:

 Your Spells              Type           Power        Failure   Level  Hunger
a - Summon Small Mammal   Summ           ###.         2%          1    #......
b - Call Imp              Summ           ###.....     4%          2    ##.....

Your spell library contained the following spells:

 Spells                   Type           Power        Failure   Level  Hunger
 Call Canine Familiar     Summ           ###.....     9%          3    ###....
 Summon Guardian Golem    Hex/Summ       ##......     22%         3    ###....
 Summon Ice Beast         Ice/Summ       ##......     56%         4    #####..
 Summon Lightning Spire   Summ/Air       ##......     56%         4    #####..


Dungeon Overview and Level Annotations

Branches:
Dungeon (4/15)
 Temple: D:4-7

Altars:


Innate Abilities, Weirdness & Mutations

You are small and have problems with some larger weapons.
You are carnivorous and can eat meat at any time.


Message History

The adder bites you.
You are poisoned.
The adder poisons you!
Your crimson imp barely misses the adder.
The giant cockroach bites your shadow imp.
Your crimson imp blinks!
The adder bites you.
Your shadow imp gestures at the giant cockroach.
The giant cockroach writhes in agony!
The giant cockroach dies!
The adder bites you.
* * * LOW HITPOINT WARNING * * *
Your crimson imp blinks!
* * * LOW HITPOINT WARNING * * *
You feel sick. The adder barely misses you.
You enter the shallow water.
Moving in this stuff is going to be slow.
* * * LOW HITPOINT WARNING * * *
You feel sick. The adder barely misses you. The adder bites you.
You die...

#.≈≈≈≈≈≈≈≈
#.≈≈≈≈≈≈≈≈≈≈≈≈≈≈
#.≈≈≈.≈≈≈≈≈≈≈≈≈#
#.≈≈≈.≈≈≈≈≈≈≈≈#######
#.†≈≈≈..≈≈≈≈≈≈≈≈≈≈.≈≈
#.≈≈≈≈≈≈≈≈≈≈≈≈≈≈≈≈≈≈≈
#.≈≈≈≈≈≈≈≈≈≈≈§≈≈5≈≈≈≈
#..≈≈≈≈≈≈S≈≈≈≈≈≈≈≈≈≈≈
##.....≈@S≈≈5.†≈.....
####################


You could see 2 adders and a friendly shadow imp.

Vanquished Creatures
  A dart slug (D:1)
  A bat (D:1)
  A frilled lizard (D:2)
3 creatures vanquished.

Vanquished Creatures (collateral kills)
  3 worms
  A dart slug (D:1)
  4 leopard geckos (Sewer)
  4 orcs (D:3)
  6 giant cockroaches
  2 hobgoblins
  A jackal (D:4)
  A quokka (D:3)
  A ball python (D:4)
  3 frilled lizards (Sewer)
  A kobold (D:1)
  4 rats (D:1)
31 creatures vanquished.

Vanquished Creatures (others)
  An orc (D:3)
1 creature vanquished.

Grand Total: 35 creatures vanquished

Notes
Turn   | Place    | Note
-------+----------+-------------------------------------------
     0 | D:1      | Marcoleric the Kobold Summoner began the quest for the Orb.
     0 | D:1      | Reached XP level 1. HP: 10/10 MP: 3/3
     8 | D:1      | Upgraded the game from 0.22-b1-26-g9dbaab1 to 0.22.0-36-g8e74550
   330 | D:1      | Reached XP level 2. HP: 10/15 MP: 0/5
   389 | D:1      | Learned a level 2 spell: Call Imp
   695 | D:4      | Found a glowing drain.
   705 | D:4      | Reached XP level 3. HP: 16/19 MP: 3/6
   720 | Sewer    | Entered a sewer
   863 | Sewer    | Slain by an adder

Action                   || total
-------------------------++-------
Melee: Unarmed           ||    47
 Cast: Summon Small Mamm ||    22
       Call Imp          ||    19
  Eat: Chunk             ||     1
Armor: Robe              ||    17
Dodge: Dodged            ||    94
